 Dungeon Crawl Stone Soup version 0.17-a0-777-g32247ce (webtiles) character file.

764 namelastname112 the Charlatan (level 7, 0/59 HPs)
             Began as a Purple Draconian Artificer on Apr 25, 2015.
             Slain by Duvessa
             ... wielding a +7 short sword of freezing
              (12 damage)
             ... on level 5 of the Dungeon.
             The game lasted 00:21:12 (6981 turns).

namelastname112 the Charlatan (DrAr)                Turns: 6981, Time: 00:21:14

Health: 0/59       AC:  8    Str: 13    XL:     7   Next: 51%
Magic:  10/10      EV: 14    Int: 12    God:
Gold:   232        SH:  0    Dex: 14    Spells: 1 memorised, 5 levels left

rFire  . . .     SeeInvis .     n - -3 blowgun (curse)
rCold  . . .     Clarity  .     (armour unavailable)
rNeg   . . .     SustAb   .     (no shield)
rPois  .         Gourm    .     (helmet restricted)
rElec  .         Spirit   .     g - +1 cloak
rCorr  +         Warding  .     (no gloves)
rMut   .         Rnd*Tele +     (no boots)
MR     +....                    h - amulet of resist corrosion (curse)
Stlth  +.........               (no ring)
                                v - ring of teleportation (curse)

@: confused, somewhat resistant to hostile enchantments, very unstealthy
A: breathe power, unfitting armour, cold-blooded, AC +6
a: Breathe Dispelling Energy, Evoke Teleportation


You were on level 5 of the Dungeon.
You were not hungry.

You visited 2 branches of the dungeon, and saw 7 of its levels.

You collected 297 gold pieces.
You spent 65 gold pieces at shops.

Inventory:

Hand weapons
 l - a +1 dagger of distortion
 n - a cursed -3 blowgun (weapon)
 t - a +2 dagger of holy wrath
 x - a +2 dagger of draining
 y - a +1 dagger of venom
Armour
 g - a +1 cloak (worn)
 j - a cursed +0 buckler
Jewellery
 h - a cursed amulet of resist corrosion (around neck)
 v - a cursed ring of teleportation (left hand)
Magical devices
 b - a wand of flame (0)
 c - a wand of enslavement (9)
 d - a wand of random effects (0)
Scrolls
 i - 8 scrolls of identify
 o - a scroll of immolation
 p - a scroll of enchant armour
Potions
 q - a potion of restore abilities
 s - a potion of brilliance
 C - 2 potions of haste {unknown}
Books
 k - a book of Fire

   Spells                             Type                      Level
   a - Ignite Poison                  Fire/Transmutation/Poison    3
   b - Fireball                       Conjuration/Fire             5
   c - Bolt of Fire                   Conjuration/Fire             6
   d - Delayed Fireball               Conjuration/Fire             7
   e - Ring of Flames                 Charms/Fire                  7
 u - a book of Conjurations

   Spells                             Type                      Level
   a - Magic Dart                     Conjuration                  1
   b - Searing Ray                    Conjuration                  2
   c - Dazzling Spray                 Conjuration/Hexes            3
   d - Fulminant Prism                Conjuration/Hexes            4
   e - Iskenderun's Mystic Blast      Conjuration                  4
   f - Iskenderun's Battlesphere      Conjuration/Charms           5
 w - a book of Cantrips

   Spells                             Type                      Level
   a - Corona                         Hexes                        1
   b - Animate Skeleton               Necromancy                   1
   c - Summon Small Mammal            Summoning                    1
   d - Apportation                    Translocation                1
 A - a book of the Dragon

   Spells                             Type                      Level
   a - Flight                         Charms/Air                   3
   b - Cause Fear                     Hexes                        4
   c - Bolt of Fire                   Conjuration/Fire             6
   d - Dragon Form                    Transmutation                7
   e - Dragon's Call                  Summoning                    9
Comestibles
 e - 6 bread rations
 f - a beef jerky
 m - 2 royal jellies
 r - 2 slices of pizza


   Skills:
 + Level 4.1 Fighting
 + Level 3.6 Short Blades
 + Level 3.8 Dodging
 + Level 3.7 Stealth
 + Level 5.2 Evocations


You had 5 spell levels left.
You knew the following spells:

 Your Spells              Type           Power        Failure   Level  Hunger
a - Animate Skeleton      Necr           N/A          34%         1    ##.....


Dungeon Overview and Level Annotations

Branches:
Dungeon (6/15)             Temple (1/1) D:4

Altars:
Ashenzari
Cheibriados
Dithmenos
Elyvilon
Fedhas
Gozag
Kikubaaqudgha
Makhleb
Nemelex Xobeh
Okawaru
Qazlal
Ru
Sif Muna
Trog
Vehumet
Xom

Shops:
D:4 !   D:6 [

Annotations:
D:5 Dowan, Duvessa, Pikel


Innate Abilities, Weirdness & Mutations

You can breathe bolts of dispelling energy.
Your rich purple scales are hard (AC +6).
Your body does not fit into most forms of armour.
You are cold-blooded and may be slowed by cold attacks.


Message History

Duvessa freezes you.
* * * LOW HITPOINT WARNING * * *
Duvessa says, "Where magic fails, the sword succeeds!"
Duvessa hits you with a short sword of freezing.
* * * LOW HITPOINT WARNING * * *
Duvessa freezes you.
* * * LOW HITPOINT WARNING * * *
You feel yourself slow down. Duvessa hits you but does no damage.
Duvessa completely misses you.
Duvessa hits you with a short sword of freezing.
* * * LOW HITPOINT WARNING * * *
Duvessa freezes you.
* * * LOW HITPOINT WARNING * * *
You feel yourself speed up.
Duvessa hits you with a short sword of freezing.
* * * LOW HITPOINT WARNING * * *
Duvessa freezes you.
* * * LOW HITPOINT WARNING * * *
Duvessa hits you with a short sword of freezing!
You die...

#......)..##................##.#
#...........############..#.##..
#........##..# #..z#..###
#........###.####### #.#>##..##
#####.#### #......(####.#.###...
#e# #######..#...#.#####. #.#
#.....#...g... #.############
#..o..o###.z.
#........ee@.###.(.o..##..##
############........#..#.##
#####..#......###
#.o.###........ #..........#.##
#..#####..##... #### #..p.###
#.##..# ##.###.##


You could see Duvessa and Dowan.

Vanquished Creatures
  Purgy (D:3)
  A phantom (D:4)
  An ogre (D:4)
  The ghost of Lokkij the Twirler, an average TeGl (D:3)
  A wight (D:4)
  An orc priest (D:3)
  3 hounds
  2 worker ants
  6 adders
  3 gnolls (D:2)
  An ooze (D:2)
  An adder skeleton (D:4)
  A worm (D:2)
  3 giant geckos
  15 orcs
  4 giant cockroaches
  9 hobgoblins
  7 jackals
  A quokka (D:5)
  A ball python (D:1)
  11 bats
  3 giant newts
  13 goblins
  12 kobolds
  13 rats
115 creatures vanquished.

Vanquished Creatures (collateral kills)
  2 orcs (D:5)
2 creatures vanquished.

Vanquished Creatures (others)
  2 orc wizards (D:5)
  A giant cockroach (D:4)
3 creatures vanquished.

Grand Total: 120 creatures vanquished

Notes
Turn   | Place    | Note
--------------------------------------------------------------
     0 | D:1      | namelastname112, the Draconian Artificer, began the quest for the Orb.
     0 | D:1      | Reached XP level 1. HP: 16/16 MP: 3/3
    93 | D:1      | Reached skill level 1 in Stealth
   252 | D:1      | Reached XP level 2. HP: 14/23 MP: 4/4
   924 | D:2      | Reached XP level 3. HP: 8/29 MP: 5/5
  1259 | D:2      | Found an opulent altar of Gozag.
  1778 | D:2      | Reached XP level 4. HP: 28/37 MP: 6/6
  2373 | D:3      | Noticed Lokkij's ghost (average TeGl)
  2753 | D:3      | Reached XP level 5. HP: 30/42 MP: 7/7
  2918 | D:3      | Killed Lokkij's ghost
  3406 | D:3      | Noticed Purgy
  3440 | D:3      | Killed Purgy
  3440 | D:3      | Reached skill level 4 in Evocations
  3440 | D:3      | Reached XP level 6. HP: 17/51 MP: 7/9
  3512 | D:3      | Found an iron altar of Okawaru.
  3516 | D:3      | Found a burning altar of Makhleb.
  3521 | D:3      | Found a bloodstained altar of Trog.
  3935 | D:4      | Found Zaruschoem's Distillery.
  3946 | D:4      | Bought a potion of heal wounds for 65 gold pieces
  4384 | D:4      | Found a staircase to the Ecumenical Temple.
  4393 | Temple   | Entered the Ecumenical Temple
  4755 | D:4      | Your scales start taking on a rich purple colour.
  4755 | D:4      | Reached XP level 7. HP: 39/57 MP: 10/10
  4799 | D:4      | Reached skill level 5 in Evocations
  5631 | D:5      | Entered Level 5 of the Dungeon
  5631 | D:5      | Noticed Duvessa
  5631 | D:5      | Noticed Dowan
  5775 | D:5      | Noticed Pikel
  6002 | D:5      | Learned a level 1 spell: Animate Skeleton
  6799 | D:6      | Found Ciubli's Antique Armour Emporium.
  6979 | D:5      | HP: 2/59 [Duvessa/short sword of freezing (1)]
  6981 | D:5      | Slain by Duvessa

Action                   |  1- 3 |  4- 6 |  7- 9 || total
-------------------------+-------+-------+-------++-------
Melee: Short sword       |   146 |   178 |       ||   324
       Dagger            |       |    43 |     6 ||    49
       Blowgun           |       |       |    22 ||    22
 Fire: Blowgun           |       |       |    47 ||    47
Throw: Tomahawk          |       |       |    13 ||    13
       Javelin           |       |       |     2 ||     2
 Cast: Animate Skeleton  |       |       |     1 ||     1
 Abil: Breathe Dispellin |       |       |    23 ||    23
       Evoke Teleportati |       |       |    16 ||    16
Evoke: Wand              |     2 |    28 |     6 ||    36
  Use: Potion            |       |     3 |     3 ||     6
       Scroll            |       |       |    10 ||    10
 Stab: Sleeping          |       |     1 |       ||     1
       Distracted        |       |       |     3 ||     3
  Eat: Chunk             |     3 |     8 |       ||    11
       Meat ration       |       |     1 |       ||     1
       Bread ration      |       |       |     2 ||     2
       Pizza             |       |       |     1 ||     1
       Beef jerky        |       |       |     1 ||     1
